 Dungeon Crawl Stone Soup version 0.24.1 (webtiles) character file.

Game seed: 3215025745757627200, levelgen mode: deterministic

76 Destapler the Poker (level 4, -3/35 HPs)
             Began as a Merfolk Berserker on Mar 26, 2020.
             Was a Follower of Trog.
             Slain by an adder (4 damage)
             ... on level 2 of the Dungeon.
             The game lasted 00:09:23 (2080 turns).

Destapler the Poker (Merfolk Berserker)             Turns: 2080, Time: 00:09:24

Health: -3/35      AC:  3    Str: 18    XL:     4   Next: 32%
Magic:  4/4        EV: 13    Int:  6    God:    Trog [*.....]
Gold:   106        SH:  0    Dex: 13    Spells: 3/3 levels left

rFire    . . .     SeeInvis .   a - +0 spear
rCold    . . .     Gourm    .   (no shield)
rNeg     . . .     Faith    .   b - +1 animal skin
rPois    .         Spirit   .   (no helmet)
rElec    .         Reflect  .   (no cloak)
rCorr    .         Harm     .   (no gloves)
MR       .....                  (no boots)
Stlth    +.........             (no amulet)
HPRegen  0.11/turn              (no ring)
MPRegen  0.09/turn              (no ring)

@: lethally poisoned (-3 -> -6), drained
A: change form in water, swift swim, stealthy swim
a: Berserk, Renounce Religion


You were on level 2 of the Dungeon.
You worshipped Trog.
Trog was aware of your devotion.
You were near starving.

You visited 1 branch of the dungeon, and saw 2 of its levels.

You collected 106 gold pieces.

Inventory:

Hand Weapons
 a - a +0 spear (weapon)
Missiles
 f - 5 javelins
 i - 30 stones (quivered)
Armour
 b - a +1 animal skin (worn)
Jewellery
 r - an uncursed ring of resist corrosion
Scrolls
 o - 2 scrolls of identify {unknown}
Potions
 d - 2 potions of might {unknown}
 e - a potion of agility {unknown}
 h - a potion of brilliance {unknown}
 j - a potion of heal wounds {unknown}
 k - 2 potions of curing
 l - 2 potions of magic {unknown}
Comestibles
 c - 4 rations
 m - 2 chunks of flesh


   Skills:
 - Level 3.2(2.3) Fighting
 + Level 5.2(4.2) Polearms
 * Level 2.5(1.5) Armour
 + Level 3.8(2.8) Dodging


You had 3 spell levels left.
You didn't know any spells.
Your spell library was empty.

Dungeon Overview and Level Annotations

Branches:
Dungeon (2/15)

Altars:
Cheibriados


Message History

A leopard gecko comes into view.
You closely miss the adder.
The adder is lightly wounded.
The adder bites you.
* * * LOW HITPOINT WARNING * * *
You are lethally poisoned!
The adder poisons you!
You barely miss the adder.
The adder is lightly wounded.
* * * LOW HITPOINT WARNING * * *
You feel sick. The adder bites you but does no damage.
You closely miss the adder.
The adder is lightly wounded.
The adder closely misses you. The leopard gecko barely misses you.
The adder closely misses you.
You barely miss the adder.
The adder is lightly wounded.
* * * LOW HITPOINT WARNING * * *
You feel sick. The leopard gecko barely misses you. The adder bites you.
You die...

# #..##.......# #.....###*** #
#..##.##..#.###........,,, #
#.........#.##......###*** #
#.###.###.#.........# * #
#.........####...#### * #
##.....รท#######.## **** #
#.##.#.#s.#$?#.# *,,, #
#.##.#.##...!#S# *,,, #
#....#.#@l..##.# *,** #
#.####.##S#.#..#** *,* ####
#.####.#..####.#,** *,* ...#
#.##.#.#'##.#..#,,** *,*
.#.######......#.......#,,,***,**
...............#########,,,+,,,,,
#.#######.#...## *,,,,,,,,,***,,,
#.# #.##.## **,,,,,,,** *,*,
#.### #....# **,,,,,** *,,,


You could see an adder and a leopard gecko.

Vanquished Creatures
  2 gnolls (D:2)
  2 adders (D:2)
  A worm (D:2)
  A dart slug (D:2)
  A leopard gecko (D:2)
  A ball python (D:1)
  2 bats (D:1)
  2 giant cockroaches
  3 goblins (D:1)
  4 hobgoblins
  3 jackals (D:2)
  3 kobolds
  A frilled lizard (D:2)
  4 rats
30 creatures vanquished.

Notes
Turn   | Place    | Note
-------+----------+-------------------------------------------
     0 | D:1      | Destapler the Merfolk Berserker began the quest for the
                  | Orb.
     0 | D:1      | Reached XP level 1. HP: 18/18 MP: 1/1
   185 | D:1      | Reached XP level 2. HP: 24/24 MP: 2/2
   809 | D:2      | Reached XP level 3. HP: 29/29 MP: 3/3
  1413 | D:2      | Reached skill level 5 in Polearms
  1418 | D:2      | Reached ** piety under Trog
  1935 | D:2      | Found a snail-covered altar of Cheibriados.
  1993 | D:2      | Reached XP level 4. HP: 13/35 MP: 4/4
  2080 | D:2      | HP: 1/35 [poisoned by an adder]
  2080 | D:2      | Slain by an adder

Levels and vault maps discovered:
D:1:      dpeg_arrival_orchard, layout_basic
D:2:      minmay_wonky_spiral, layout_loops_corners, marbit_many_paths,
          chequers_serial_rivers_micro_b

Skill      XL: |  1  2  3 |
---------------+----------+-----
Dodging        | 3 |  3.8
Armour         | 2 |  2.5
Polearms       | 5 |  5.2
Fighting       | |  3.2

Action                   |  1- 3 |  4- 6 || total
-------------------------+-------+-------++-------
Melee: Spear             |   122 |    21 ||   143
Invok: Berserk           |     2 |     1 ||     3
       Trog's Hand       |     1 |     1 ||     2
  Use: Scroll            |     4 |       ||     4
       Potion            |       |     2 ||     2
 Stab: Sleeping          |     3 |       ||     3
  Eat: Chunk             |     5 |       ||     5
Armor: Animal skin       |    14 |     4 ||    18
Dodge: Dodged            |    49 |    25 ||    74
